Map: Redshift LE

Players

Motomax - Winner!

  • Race: Protoss Protoss
  • League: Gold
  • Spawn Location: 7:00

Avoš

  • Race: Protoss Protoss
  • Spawn Location: 11:00

VOD

Have the link to the VOD?

Description

Time

  • Played on: July 30, 2018, 5:45 p.m.
  • Length: 2:26
Show
View Real Time Build Order
Export as new Build Order

Motomax Protoss - Winner!

Build Orders: Cannon Rush 

Get SALT Encoding   

  1  0:00  Probe  
  13  0:07  Probe  
  14  0:20  Pylon  
  14  0:31  Probe  
  15  0:43  Forge  
  15  0:48  Probe  
  16  1:00  Probe  
  17  1:11  Pylon  
  17  1:28  Pylon  
  17  1:34  Pylon  
  17  1:49  Photon Cannon  
  17  1:52  Photon Cannon  
  17  1:55  Photon Cannon  
  17  2:00  Photon Cannon  
  17  2:08  Photon Cannon  
Show
View Real Time Build Order
Export as new Build Order

Avoš Protoss 

Build Orders:  

Get SALT Encoding   

  12  0:01  Probe  
  13  0:13  Probe  
  14  0:25  Probe, Pylon  
  15  0:43  Probe  
  15  0:47  Gateway  
  16  0:51  Assimilator  
  16  0:54  Assimilator  
  16  0:55  Probe  
  17  1:07  Probe  
  18  1:12  Gateway  
  18  1:19  Probe  
  19  1:45  Zealot  
  23  2:07  Cybernetics Core  
Tags
 
League
Gold
Matchup
PvP
Spawn Locations
Close Positions
Add a new tag
Caveats
  • Supply blocks, unpowered buildings, or Contaminate may cause inaccurate times.
  • Supply counts are checked every 10 seconds.